 Dungeon Crawl Stone Soup version 0.27.1-4-g1640c2035a (webtiles) character file.

Game seed: 18015159067969748051

372 Stomo444 the Cudgeller (level 6, -1/48 HPs)
             Began as a Demonspawn Gladiator on Nov 16, 2021.
             Was an Initiate of Okawaru.
             Slain by an orc wizard (3 damage)
             ... on level 4 of the Dungeon.
             The game lasted 00:06:33 (4994 turns).

Stomo444 the Cudgeller (Demonspawn Gladiator)       Turns: 4994, Time: 00:06:33

Health: -1/48      AC:  7    Str: 16    XL:     6   Next: 43%
Magic:  6/6        EV: 11    Int: 10    God:    Okawaru [......]
Gold:   174        SH:  4    Dex: 14    Spells: 5/5 levels left

rFire    . . .     SeeInvis .   a - +0 flail
rCold    . . .     Faith    .   (no shield)
rNeg     . . .     Spirit   .   j - +1 scale mail
rPois    .         Reflect  .   (helmet restricted)
rElec    .         Harm     .   (no cloak)
rCorr    .         Rampage  .   (no gloves)
Will     .....                  (no boots)
Stlth    ..........             (no amulet)
HPRegen  0.16/turn              (no ring)
MPRegen  0.10/turn              (no ring)

@: no status effects
A: horns 2, large bone plates 1, foul stench 1
a: Renounce Religion


You were on level 4 of the Dungeon.
You worshipped Okawaru.
Okawaru was noncommittal.
You visited 1 branch of the dungeon, and saw 4 of its levels.

You collected 174 gold pieces.

Inventory:

Hand Weapons
 a - a +0 flail (weapon)
Missiles
 d - 3 throwing nets (quivered)
Armour
 b - a +0 leather armour
 c - a +0 helmet
 j - a +1 scale mail (worn)
Scrolls
 l - a scroll of fog {unknown}
Potions
 g - a potion of attraction {unknown}
 h - a potion of lignification {unknown}
 i - 5 potions of curing {unknown}
 k - a potion of heal wounds {unknown}


   Skills:
 + Level 3.7 Fighting
 + Level 4.1 Maces & Flails
 - Level 1.7 Throwing
 + Level 2.7 Armour
 + Level 4.0 Dodging


You had 5 spell levels left.
You didn't know any spells.
Your spell library contained the following spells:

 Spells                   Type           Power      Damage    Failure   Level
 Sandblast                Erth           0%         2d4       80%         1
 Passwall                 Tmut/Erth      0%         N/A       90%         2
 Lee's Rapid Deconstruct  Erth           0%         3d5*      100%        5


Dungeon Overview and Level Annotations

Branches:
Dungeon (4/15)
 Temple: D:4-7

Altars:
Cheibriados
Elyvilon
Fedhas
Gozag
Makhleb
Okawaru
Wu Jian
The Shining One

Shops:
D:1 *


Innate Abilities, Weirdness & Mutations

You have a pair of horns on your head.
You are partially covered in large bone plates. (SH +4)
You may rarely emit foul miasma when damaged in melee.


Message History

Things that are here:
a +0 dagger; a +0 robe The orc priest calls down the wrath of Beogh upon you.
Pain shoots through your body!
You closely miss the orc priest.
Your ball python bites the orc priest.
Your ball python grabs the orc priest.
Your ball python constricts the orc priest.
A magic dart appears from out of thin air!
The magic dart hits your ball python!
Your ball python dies!
Your ball python's corpse dissolves into shadows!
The orc priest barely misses you.
You hit the orc priest.
The orc priest is severely wounded.
Something hits your ball python. The orc priest barely misses you.
The orc priest hits your ball python with a +0 hand axe.
Your ball python dies!
Your ball python's corpse dissolves into shadows!
Your hobgoblin closely misses something.
The orc priest closely misses you.
A magic dart appears from out of thin air!
The magic dart hits you but does no damage.
Your hobgoblin barely misses something.
Something hits your hobgoblin.
Your hobgoblin dies!
Your hobgoblin's corpse dissolves into shadows!
You hit the orc priest. Your headbutt misses the orc priest.
The orc priest is almost dead.
The orc priest barely misses you. The adder closely misses you.
Your scale mail prevents you from hitting the orc priest.
The orc priest is almost dead.
The adder bites you but does no damage.
The orc priest invokes the aid of Beogh against you.
Beogh smites you!
The orc priest calls down the wrath of Beogh upon you.
Beogh smites you!
* * * LOW HITPOINT WARNING * * *
The adder barely misses you.
There is a stone staircase leading down here.
The adder barely misses you. Something hits you.
You die...

### #.###.#............#
# ###..##.#............#
#
......#.#............###
......#.#............##.
......#o................
o................†.......
.................#......
...##..So........#......
.. #..@................
#...................
#...###.......######
#...# ####.......# #
##### #######.# # #.# #
#.# # #.# # #########.#


You could see an orc priest, an adder and an orc.

Vanquished Creatures
  An ice beast (D:4)
  A centaur zombie (D:4)
  An iguana (D:4)
  Natasha (thrice) (D:2)
  An orc wizard (D:4)
  A gnoll (D:1)
  5 adders
  2 worms
  5 orcs (D:4)
  5 ball pythons
  4 endoplasms
  3 giant cockroaches
  10 goblins
  3 hobgoblins
  4 jackals (D:3)
  3 quokkas
  3 bats
  3 frilled lizards
  A jackal skeleton (D:4)
  5 kobolds
  8 rats
72 creatures vanquished.

Notes
Turn   | Place    | Note
-------+----------+-------------------------------------------
     0 | D:1      | Stomo444 the Demonspawn Gladiator began the quest for the
                  | Orb.
     0 | D:1      | Reached XP level 1. HP: 16/16 MP: 1/1
    25 | D:1      | Found Diat's Assorted Antiques.
   295 | D:1      | Found a faded altar of an unknown god.
   303 | D:1      | Gained mutation: You have a pair of small horns on your
                  | head. [demonic ancestry]
   303 | D:1      | Reached XP level 2. HP: 22/22 MP: 2/2
   374 | D:1      | HP: 1/22 [kobold (3)]
   811 | D:1      | Reached skill level 1 in Armour
   912 | D:1      | Reached XP level 3. HP: 18/28 MP: 3/3
  2108 | D:2      | Gained mutation: You may rarely emit foul miasma when
                  | damaged in melee. [demonic ancestry]
  2108 | D:2      | Reached XP level 4. HP: 23/34 MP: 4/4
  2289 | D:2      | Noticed Natasha
  2294 | D:2      | Killed Natasha
  2571 | D:2      | Noticed Natasha
  2577 | D:2      | Killed Natasha
  2793 | D:2      | Noticed Natasha
  2801 | D:2      | Killed Natasha
  2802 | D:2      | Gained mutation: You are partially covered in large bone
                  | plates. (SH +4) [demonic ancestry]
  2802 | D:2      | Reached XP level 5. HP: 21/41 MP: 5/5
  2983 | D:3      | Found a blossoming altar of Fedhas.
  2983 | D:3      | Found a snail-covered altar of Cheibriados.
  2983 | D:3      | Found an ornate altar of the Wu Jian Council.
  2984 | D:3      | Found an opulent altar of Gozag.
  3529 | D:3      | Found an iron altar of Okawaru.
  3829 | D:3      | Became a worshipper of Warmaster Okawaru
  4175 | D:3      | Found a burning altar of Makhleb.
  4537 | D:4      | Noticed an ice beast
  4551 | D:4      | Killed an ice beast
  4552 | D:4      | Gained mutation: You have a pair of horns on your head.
                  | [demonic ancestry]
  4552 | D:4      | Reached XP level 6. HP: 16/47 MP: 6/6
  4993 | D:4      | HP: 2/48 [orc priest/divine providence (15)]
  4994 | D:4      | Slain by an orc wizard

Illustrated notes

Levels and vault maps discovered:
D:1:      lemuel_arrival_funnel, layout_basic, serial_corexii_hall,
          corexii_hall_statues_l, corexii_hall_statues_i,
          corexii_hall_statues_l, dreamdust_ecumenical_altar_grove,
          serial_shops, nicolae_shop_statue_plus, st_stairs_1
D:2:      layout_basic, uniq_natasha
D:3:      layout_loops_ring, okawaru_metal_pillars_3, lightli_temple_of_fire,
          grunt_temple_overflow_open, skrybe_limestone_x
D:4:      layout_basic

Skill      XL: |  1  2  3  4  5  6 |
---------------+-------------------+-----
Maces & Flails | 3 4 |  4.1
Armour         | 1 2 |  2.7
Dodging        | 3 4 |  4.0
Fighting       | 3 |  3.7
Throwing       | |  1.7

Action                   |  1- 3 |  4- 6 || total
-------------------------+-------+-------++-------
Melee: Flail             |   100 |   118 ||   218
       Headbutt          |    14 |    24 ||    38
  Use: Scroll            |       |     2 ||     2
 Stab: Sleeping          |     1 |       ||     1
Armor: Leather armour    |    28 |    10 ||    38
       Scale mail        |       |    24 ||    24
Dodge: Dodged            |    52 |    71 ||   123
Block: Other             |       |    16 ||    16
